 Dungeon Crawl Stone Soup version 0.26-a0-834-g69557b85cc (webtiles) character file.

Game seed: 14778713471297282240

573 lunkers the Zephyrmancer (level 7, -4/36 HPs)
             Began as a Tengu Air Elementalist on Nov 16, 2020.
             Slain by an orc warrior
             ... wielding a +0 long sword
              (19 damage)
             ... on level 6 of the Dungeon.
             The game lasted 00:11:47 (5384 turns).

lunkers the Zephyrmancer (Tengu Air Elementalist)   Turns: 5384, Time: 00:11:48

Health: -4/36      AC:  3    Str:  8    XL:     7   Next: 34%
Magic:  5/14       EV: 12    Int: 24    God:
Gold:   269        SH:  0    Dex: 14    Spells: 6/14 levels left

rFire    + . .     SeeInvis .   k - +2 short sword (flame)
rCold    + . .     Faith    .   (no shield)
rNeg     . . .     Spirit   .   h - +1 robe {rC+ rF+}
rPois    .         Reflect  .   (helmet restricted)
rElec    .         Harm     .   (no cloak)
rCorr    .         Rampage  .   (no gloves)
MR       .....                  (boots unavailable)
Stlth    ++........             (no amulet)
HPRegen  0.12/turn              (no ring)
MPRegen  0.14/turn              g - +6 ring of intelligence

@: no status effects
A: beak, talons 3, able to fly
a: Fly


You were on level 6 of the Dungeon.
You visited 1 branch of the dungeon, and saw 7 of its levels.

You collected 269 gold pieces.

Inventory:

Hand Weapons
 k - a +2 short sword of flaming (weapon)
 n - a +2 dagger of draining
Armour
 a - a +0 robe
 h - a +1 robe of resistance (worn)
Magical Staves
 p - an uncursed staff of conjuration
Jewellery
 g - a +6 ring of intelligence (right hand)
Wands
 b - a wand of paralysis (14)
Scrolls
 c - 3 scrolls of identify
 f - a scroll of magic mapping {unknown}
 j - a scroll of fog
 l - a scroll of noise {unknown}
 o - a scroll of random uselessness {unknown}
Potions
 e - 2 potions of lignification
 i - a potion of curing
 m - a potion of flight


   Skills:
 - Level 2.1 Dodging
 - Level 2.0 Stealth
 + Level 4.4 Spellcasting
 - Level 1.3 Conjurations
 * Level 9.1 Air Magic


You had 6 spell levels left.
You knew the following spells:

 Your Spells              Type           Power        Failure   Level
a - Shock                 Conj/Air       ####         1%          1
b - Static Discharge      Conj/Air       ####....     3%          3
c - Airstrike             Air            #####.....   2%          4

Your spell library contained the following spells:

 Spells                   Type           Power        Failure   Level
 Swiftness                Air            #####...     1%          2
 Lightning Bolt           Conj/Air       ####......   30%         5


Dungeon Overview and Level Annotations

Branches:
Dungeon (7/15)
 Temple: D:4-7

Altars:
Okawaru
Zin

Shops:
D:3 *

Annotations:
D:3 3 runed translucent doors, avis's ghost, amateur HOMo; littlecub's ghost, amateur DEIE
D:4 3 runed translucent doors, bastard's ghost, amateur GnWn; felt's ghost, amateur DrTm; pigah's ghost, amateur DrWn
D:7 Harold


Innate Abilities, Weirdness & Mutations

You have a beak for a mouth.
You have claws for feet.
You can fly continuously.


Message History

The orc wizard gestures at you while chanting.
The puff of flame hits you. You resist.
* * * LOW HITPOINT WARNING * * *
The orc priest mumbles some strange prayers to Beogh against you.
Pain shoots through your body!
* * * LOW HITPOINT WARNING * * *
The orc wizard mumbles some strange words.
The orc wizard seems to speed up.
Casting: Static Discharge (dangerous; 3% risk of failure)
Confirm with . or Enter, or press ? or * to list all spells.
The orc warrior is struck by an arc of lightning!
The orc warrior is almost dead.
The orc priest is struck by an arc of lightning.
The orc priest is almost dead.
The orc wizard is struck by an arc of lightning.
You kill the orc wizard!
The lightning grounds out.
The orc warrior hits you with a +0 long sword!!
Ouch! That really hurt!
You die...

..#.###
##.....##
.=.....
#####.....#
..........#
.......oF.#
.....Z)o..##.###
....[.o@>.......
......Z...######
..........#
######....#
.....# ....###
.....# ......#


You could see an orc warrior, a bullfrog, an orc priest, an orc wizard (fast), a
hound skeleton and a bullfrog skeleton.

Vanquished Creatures
  A sky beast (D:7)
  An ogre (D:7)
  A scorpion (D:4)
  3 orc priests
  3 orc wizards
  5 adders
  A white imp (D:1)
  An ufetubus (D:7)
  An ooze (D:1)
  An adder skeleton (D:7)
  4 worms
  3 dart slugs (D:2)
  5 leopard geckos
  21 orcs
  A ball python (D:4)
  7 giant cockroaches
  10 goblins
  6 hobgoblins
  6 jackals
  2 quokkas
  8 bats
  6 frilled lizards
  A jackal skeleton (D:4)
  2 kobolds
  10 rats
110 creatures vanquished.

Vanquished Creatures (others)
  4 withered plants (D:4)
4 creatures vanquished.

Grand Total: 114 creatures vanquished

Notes
Turn   | Place    | Note
-------+----------+-------------------------------------------
     0 | D:1      | lunkers the Tengu Air Elementalist began the quest for the
                  | Orb.
     0 | D:1      | Reached XP level 1. HP: 10/10 MP: 4/4
   211 | D:1      | Reached XP level 2. HP: 15/15 MP: 1/6
   407 | D:1      | Reached skill level 5 in Air Magic
   513 | D:1      | Reached XP level 3. HP: 19/19 MP: 3/7
  1364 | D:2      | Reached XP level 4. HP: 24/24 MP: 6/9
  2013 | D:2      | Reached skill level 6 in Air Magic
  2260 | D:2      | Gained mutation: You can fly continuously. [Tengu growth]
  2260 | D:2      | Reached XP level 5. HP: 28/28 MP: 4/10
  2274 | D:2      | Learned a level 3 spell: Static Discharge
  2279 | D:2      | Learned a level 4 spell: Airstrike
  2674 | D:3      | You fall into a shaft and drop 2 floors!
  2674 | D:5      | Entered Level 5 of the Dungeon
  2709 | D:4      | Reached skill level 7 in Air Magic
  3019 | D:3      | Found Zin's Purification Station.
  3022 | D:3      | Found a glowing silver altar of Zin.
  3152 | D:3      | Found a runed translucent gate.
  3152 | D:3      | Found a runed translucent gate.
  3152 | D:3      | Found a runed translucent gate.
  3748 | D:3      | Noticed avis's ghost (amateur HOMo)
  3748 | D:3      | Noticed littlecub's ghost (amateur DEIE)
  3817 | D:4      | Found a runed translucent gate.
  3817 | D:4      | Found a runed translucent gate.
  3817 | D:4      | Found a runed translucent gate.
  3818 | D:4      | Noticed bastard's ghost (amateur GnWn)
  3819 | D:4      | Noticed pigah's ghost (amateur DrWn)
  3819 | D:4      | Noticed felt's ghost (amateur DrTm)
  3856 | D:4      | Reached XP level 6. HP: 32/32 MP: 8/12
  4282 | D:4      | Reached skill level 8 in Air Magic
  4756 | D:4      | Found an iron altar of Okawaru.
  4993 | D:4      | You fall into a shaft and drop 3 floors!
  5023 | D:7      | Noticed a sky beast
  5025 | D:7      | Killed a sky beast
  5026 | D:7      | Reached XP level 7. HP: 36/36 MP: 4/14
  5242 | D:7      | Reached skill level 9 in Air Magic
  5373 | D:7      | Noticed Harold
  5384 | D:6      | Slain by an orc warrior

Illustrated notes

Levels and vault maps discovered:
D:1:      eino_arrival_tree_alley, layout_rooms, minivault_24, st_stairs_5,
          due_unseen_surprise
D:2:      layout_basic
D:3:      layout_basic, zin_purify, gammafunk_ghost_cemetery
D:4:      layout_layer_cave, gammafunk_ghost_cemetery, okawaru_trees_1
D:5:      layout_cave_pools, portal_sewer_entry_e, minmay_misc_feat_enclosed
D:6:      layout_basic, minitemple, minmay_misc_feat_x, chequers_big_river
D:7:      layout_gridville, minmay_temple_entry_poolview,
          gammafunk_ghost_cemetery, uniq_harold

Skill      XL: |  1  2  3  4  5  6  7 |
---------------+----------------------+-----
Air Magic      | 5 6 7 8 9 |  9.1
Spellcasting   | 3 4 |  4.4
Dodging        | |  2.1
Stealth        | |  2.0
Conjurations   | |  1.3

Action                   |  1- 3 |  4- 6 |  7- 9 || total
-------------------------+-------+-------+-------++-------
Melee: Unarmed           |     5 |       |       ||     5
       Kick              |     1 |     4 |       ||     5
       Peck              |     1 |     2 |       ||     3
       Short sword       |       |    15 |       ||    15
 Cast: Shock             |    67 |   180 |    11 ||   258
       Static Discharge  |       |     2 |     3 ||     5
       Airstrike         |       |     2 |     2 ||     4
  Use: Scroll            |       |     6 |       ||     6
Armor: Robe              |     4 |    10 |       ||    14
Dodge: Dodged            |    14 |    27 |     1 ||    42

Table legend: (Time is in decaauts)
 A = Elapsed time spent in this place.
 B = Non-inter-level travel time spent in this place.
 C = Inter-level travel time spent in this place.
 D = Time resting spent in this place.
 E = Time spent auto-exploring this place.
 F = Levels seen in this place.
 G = Mean time per level.
                   A        B        C        D        E       F      G
               +--------+--------+--------+--------+--------+-----+--------+
         Total |   5392 |   5294 |     98 |    741 |   3766 |   7 |  770.3 |
       Dungeon |   5392 |   5294 |     98 |    741 |   3766 |   7 |  770.3 |
               +--------+--------+--------+--------+--------+-----+--------+

Top non-repeatable levels by time:
     D:3: 1299 daAuts
     D:4: 1290 daAuts
     D:1: 1202 daAuts
     D:2: 1184 daAuts
     D:7: 385 daAuts
     D:5: 26 daAuts
     D:6: 3 daAuts
